AoeStats
← cisi1982

Arabia

506620812Analyzed
1v1 RM · 18d ago on Sep 14, 2026· 44m 38s· 2 players
Game mode
Random Map
Map size
Tiny (2 player)
Population
200
Speed
Normal
Resources
Standard
Victory
Conquest
Starting age
Dark Age
Ending age
Imperial Age
RankedLock teamsTeams togetherTeam positionsShared explorationLock speedFull tech treeHidden civsTurbo modeCheats
Victory
Defeat
🇺🇸 Vikings · United States
840
+19
🇨🇿 Celts · Czechia
905
-19
HalfHazzard
10:33 Feudal Age
8:49 Loom
10:44 Man-at-Arms
12:13 Double-Bit Axe
18:24 Fletching
21:43 Castle Age
19:53 Gold Mining
19:48 Horse Collar
21:43 Arson
22:02 Padded Archer Armor
22:30 Crossbowman
23:08 Bodkin Arrow
23:28 Leather Archer Armor
25:29 Ballistics
27:05 Pikeman
32:26 Squires
34:24 Forging
34:14 Scale Mail Armor
37:08 Imperial Age
38:28 Capped Ram
39:30 Bow Saw
39:22 Heavy Plow
40:26 Arbalester
41:25 Chain Mail Armor
42:38 Siege Ram
cisi1982
10:17 Feudal Age
8:33 Loom
14:43 Castle Age
15:26 Double-Bit Axe
26:29 Light Cavalry
37:01 Fletching
38:11 Sanctity
37:47 Elite Skirmisher
39:59 Bodkin Arrow
40:05 Padded Archer Armor
43:27 Imperial Age
44:25 Hussar
Connection lost

Rejoining the realm…

Still unreachable

The connection could not be restored.

Session expired

The server has moved on; the page needs a fresh start.